 Dungeon Crawl Stone Soup version 0.18.1-50-g88ac8fd (webtiles) character file.

79 Monkfish the Cutter (level 4, -6/29 HPs)
             Began as a Kobold Berserker on Oct 23, 2016.
             Was a Believer of Trog.
             Mangled by an orc
             ... wielding a +0 falchion
              (7 damage)
             ... on level 3 of the Dungeon.
             The game lasted 00:03:17 (2726 turns).

Monkfish the Cutter (Kobold Berserker)              Turns: 2726, Time: 00:03:18

Health: -6/29      AC:  3    Str: 15    XL:     4   Next: 62%
Magic:  4/4        EV: 15    Int:  5    God:    Trog [**....]
Gold:   162        SH:  0    Dex: 16    Spells: 0 memorised, 3 levels left

rFire  . . .     SeeInvis .     a - +1 short sword
rCold  . . .     Gourm    .     b - +1 animal skin
rNeg   . . .     Faith    .     (shield restricted)
rPois  .         Spirit   .     (helmet restricted)
rElec  .         Dismiss  .     (no cloak)
rCorr  .         Reflect  .     (no gloves)
SustAt .         Harm     .     (no boots)
MR     ++...                    (no amulet)
Stlth  ++........               (no ring)
                                (no ring)

@: exhausted, about to teleport, regenerating, slowed, very slow, very resistant
to hostile enchantments, unstealthy
A: horns 1, carnivore 3, high mp 1
a: Berserk, Trog's Hand, Burn Spellbooks, Renounce Religion


You were on level 3 of the Dungeon.
You worshipped Trog.
Trog was pleased with you.
You were full.

You visited 1 branch of the dungeon, and saw 3 of its levels.

You collected 162 gold pieces.

Inventory:

Hand Weapons
 a - a +1 short sword (weapon)
Armour
 b - a +1 animal skin (worn)
Scrolls
 e - a scroll of blinking {unknown}
 f - a scroll of remove curse
 g - 3 scrolls of identify
 h - a scroll of teleportation
 i - a scroll of noise {unknown}
 j - a scroll of enchant armour
 k - a scroll of recharging {unknown}
Comestibles
 c - a meat ration
 d - a beef jerky


   Skills:
 + Level 4.1 Fighting
 + Level 5.2 Short Blades
 - Level 1.5 Armour
 - Level 2.4 Dodging
 * Level 2.7 Stealth


You had 3 spell levels left.
You didn't know any spells.

Dungeon Overview and Level Annotations

Branches:
Dungeon (3/15)

Altars:
Dithmenos


Innate Abilities, Weirdness & Mutations

You are small and have problems with some larger weapons.
You are carnivorous and can eat meat at any time.
You have a pair of small horns on your head.
You have an increased reservoir of magic (+10% MP).


Message History

The orc hits you but does no damage.
You hit the orc but do no damage. You headbutt the orc, but do no damage.
The orc hits you but does no damage. The orc barely misses you.
The orc hits you. The orc hits you but does no damage.
The orc barely misses you. The orc hits you with a falchion. The orc hits you.
You see here a tomahawk.
You hit the orc but do no damage.
You feel the effects of Trog's Hand fading.
The orc closely misses you. The orc misses you.
The orc hits you with a falchion.
* * * LOW HITPOINT WARNING * * *
The orc hits you.
* * * LOW HITPOINT WARNING * * *
Read which item? (? for menu, Esc to quit)
As you read the scroll of teleportation, it crumbles to dust.
You feel strangely unstable. The orc hits you with a mace.
* * * LOW HITPOINT WARNING * * *
The orc misses you. x2; The orc hits you with a falchion!
You die...

# . #.# .. ###.###### ...
#........# .... #........#
..... #........#
......######........#
.......)roo...(...).#
%........#@o........#
......?.o#.o........#
.........#..........#
.........###.......(######
.........# #.............#
.........# #...(((.......#
....!....# #......(......#
###.[.........#
#...........#


You could see 4 orcs and a rat.

Vanquished Creatures
  4 adders
  3 worms (D:3)
  A dart slug (D:1)
  3 orcs (D:3)
  4 hobgoblins
  A quokka (D:3)
  A ball python (D:1)
  A bat (D:2)
  2 giant newts
  3 goblins (D:2)
  7 kobolds
  6 rats
36 creatures vanquished.

Notes
Turn   | Place    | Note
--------------------------------------------------------------
     0 | D:1      | Monkfish the Kobold Berserker began the quest for the Orb.
     0 | D:1      | Reached XP level 1. HP: 14/14 MP: 1/1
   430 | D:1      | Reached XP level 2. HP: 19/19 MP: 2/2
  1272 | D:2      | Found a shadowy altar of Dithmenos.
  1316 | D:2      | Reached skill level 1 in Stealth
  1316 | D:2      | Reached XP level 3. HP: 24/24 MP: 3/3
  1978 | D:3      | Reached skill level 5 in Short Blades
  1978 | D:3      | Reached XP level 4. HP: 18/29 MP: 4/4
  2008 | D:3      | Reached ** piety under Trog
  2206 | D:3      | Gained mutation: You have an increased reservoir of magic (+10% MP). [potion of mutation]
  2206 | D:3      | Gained mutation: You have a pair of small horns on your head. [potion of mutation]
  2726 | D:3      | HP: 1/29 [orc/mace (5)]
  2726 | D:3      | Mangled by an orc

Skill      XL: |  1  2  3 |
---------------+----------+-----
Stealth        | 1 2 |  2.7
Fighting       | 4 |  4.1
Short Blades   | 5 |  5.2
Armour         | |  1.5
Dodging        | |  2.4

Action                   |  1- 3 |  4- 6 || total
-------------------------+-------+-------++-------
Melee: Short sword       |    94 |    27 ||   121
       Headbutt          |       |     4 ||     4
Invok: Berserk           |     1 |     2 ||     3
       Trog's Hand       |       |     1 ||     1
Evoke: Wand              |     1 |       ||     1
  Use: Scroll            |     8 |     1 ||     9
       Potion            |     4 |     3 ||     7
 Stab: Paralysed         |     1 |       ||     1
       Sleeping          |     2 |       ||     2
  Eat: Chunk             |     5 |     3 ||     8
       Meat ration       |     1 |       ||     1
Armor: Animal skin       |     8 |     4 ||    12
Dodge: Dodged            |    58 |    34 ||    92
